 Dungeon Crawl Stone Soup version 0.28.0-43-g3370ac3207 (webtiles) character file.

Game seed: 18129125049351227863

88 Gabide the Chiller (level 4, -9/35 HPs)
             Began as a Demigod Ice Elementalist on Mar 29, 2022.
             Mangled by a gnoll shaman
             ... wielding a +1 whip of electrocution
              (20 damage)
             ... on level 2 of the Dungeon.
             The game lasted 00:04:48 (2904 turns).

Gabide the Chiller (Demigod Ice Elementalist)       Turns: 2904, Time: 00:04:48

Health: -9/35      AC:  9    Str:  9    XL:     4   Next: 8%
Magic:  4/10       EV: 10    Int: 23    God:
Gold:   58         SH:  0    Dex: 14    Spells: 1/8 levels left

rFire   . . .      SeeInvis .   (no weapon)
rCold   . . .      Faith    .   (no shield)
rNeg    . . .      Spirit   .   f - +1 ring mail of Dull Liberty {Regen+ Int+2}
rPois   .          Reflect  .   (no helmet)
rElec   .          Harm     .   (no cloak)
rCorr   .          Rampage  .   (no gloves)
Will    .....                   (no boots)
Stlth   +.........              (no amulet)
HPRegen 0.91/turn               (no ring)
MPRegen 0.12/turn               (no ring)

@: ice-armoured, very slightly contaminated
A: high MP 1, forlorn, divine attributes
a: no special abilities


You were on level 2 of the Dungeon.
You visited 1 branch of the dungeon, and saw 3 of its levels.

You collected 58 gold pieces.

Inventory:

Armour
 c - a +3 ring mail
 f - the +1 ring mail of Dull Liberty (worn) {Regen+ Int+2}
   (You found it on level 2 of the Dungeon)

   Int:       It affects your intelligence (+2).
   Regen:     It increases your rate of health regeneration.
 j - an orb of wrath
Scrolls
 b - a scroll of teleportation {unknown}
 d - 2 scrolls of amnesia {unknown}
 g - 5 scrolls of identify {unknown}
Potions
 e - a potion of attraction {unknown}
 h - a potion of mutation {unknown}
 i - a potion of curing {unknown}


   Skills:
 * Level 1.0 Fighting
 + Level 0.1 Armour
 * Level 2.0 Dodging
 + Level 2.0 Stealth
 * Level 2.6 Spellcasting
 * Level 4.3 Ice Magic


You had one spell level left.
You knew the following spells:

 Your Spells              Type           Power      Damage    Failure   Level
a - Freeze                Ice            92%        1d10      5%          1
b - Ozocubu's Armour      Ice            23%        N/A       17%         3
c - Frozen Ramparts       Ice            46%        1d6       17%         3

Your spell library contained the following spells:

 Spells                   Type           Power      Damage    Failure   Level
 Summon Small Mammal      Summ           12%        N/A       32%         1
 Call Canine Familiar     Summ           3%         N/A       69%         3
 Summon Guardian Golem    Hex/Summ       3%         N/A       69%         3
 Hailstorm                Conj/Ice       13%        3d5       80%         4
 Ozocubu's Refrigeration  Ice            11%        4d7       100%        7


Dungeon Overview and Level Annotations

Branches:
Dungeon (3/15)


Innate Abilities, Weirdness & Mutations

You have an increased reservoir of magic. (+10% MP)
You shall have no god before yourself.
Your divine heritage dramatically boosts your attributes as you level up.


Message History

Press: ? - help, v - describe, . - travel
Here: a gnoll, wielding a +0 spear The floor.
Unknown command.
Unknown command.
The goblin shouts!
There is a stone staircase leading up here.
The gnoll hits the plant with a +0 whip!
A nearby plant withers and dies.
The gnoll hits the plant with a +0 spear.
The plant begins to die.
A nearby plant withers and dies.
The gnoll closely misses you.
The gnoll shaman hits you with a +1 whip of electrocution!
You climb upwards.
There is a stone staircase leading down here.
Casting: Freeze (safe; 5% risk of failure)
Confirm with . or Enter, or press ? or * to list all spells.
The spell is quite dangerous to miscast (17% risk of failure)!
Continue anyway?
A film of ice covers your body! The gnoll shaman closely misses you.
You freeze the gnoll shaman!
The gnoll shaman is moderately wounded.
The gnoll shaman hits you with a +1 whip of electrocution!
You miscast Freeze.
You are very lightly contaminated with residual magic.
Nothing appears to happen.
The gnoll shaman hits you but does no damage.
You are electrocuted!
You are too injured to fight recklessly!
You are too injured to fight recklessly!
You are too injured to fight recklessly!
You are too injured to fight recklessly!
Aiming: Freeze (safe; 5% risk of failure)
Press: ? - help, Q - select action Shift-Dir - straight line, f/p - gnoll shaman
Aim: a gnoll shaman, wielding a +1 whip of electrocution and wearing a +0 robe (moderately wounded)
You freeze the gnoll shaman.
The gnoll shaman is heavily wounded.
The gnoll shaman hits you with a +1 whip of electrocution.
You are electrocuted!!
Ouch! That really hurt!
You die...

#.........# #.# #...
#####.....##### #.# #.##
#......_.....# ##.####.##
#.###......#.# #......... #.#
#......#.# ##.####.## #.#
##.#####.# #####...# #.#
#.#####.# ##..... #.#
#.......##########......
#.#########.@....)...........
#........(.g.##########......
############## ##..... ##...#
#####


You could see a gnoll shaman.

Vanquished Creatures
  2 adders (D:2)
  A worm (D:2)
  5 dart slugs
  4 ball pythons
  8 endoplasms
  2 giant cockroaches
  7 goblins
  7 hobgoblins
  6 kobolds
  A quokka (D:2)
  3 bats
  3 frilled lizards
  A rat (D:2)
50 creatures vanquished.

Vanquished Creatures (others)
  12 plants
12 creatures vanquished.

Grand Total: 62 creatures vanquished

Notes
Turn   | Place    | Note
-------+----------+-------------------------------------------
     0 | D:1      | Gabide the Demigod Ice Elementalist began the quest for the
                  | Orb.
     0 | D:1      | Reached XP level 1. HP: 14/14 MP: 5/5
   428 | D:1      | Reached XP level 2. HP: 14/20 MP: 4/7
   721 | D:1      | Reached skill level 4 in Ice Magic
  1297 | D:2      | Identified the +1 ring mail of Dull Liberty {Regen+ Int+2}
  1311 | D:2      | Reached XP level 3. HP: 19/27 MP: 4/8
  1601 | D:2      | Learned a level 3 spell: Ozocubu's Armour
  2034 | D:2      | Reached skill level 1 in Fighting
  2625 | D:2      | Reached XP level 4. HP: 35/35 MP: 7/10
  2634 | D:2      | Learned a level 3 spell: Frozen Ramparts
  2904 | D:2      | Mangled by a gnoll shaman

Illustrated notes

Levels and vault maps discovered:
D:1:      matt_arrival_los_fun, layout_basic,
          hellmonk_ecumenical_altar_slurped_away
D:2:      layout_loops_ring, basic_altar, serial_forest,
          infiniplex_forest_end_3, infiniplex_forest_clump_tiny,
          infiniplex_forest_clump_curved, infiniplex_forest_lined_3_way,
          infiniplex_forest_fountain, infiniplex_forest_corner_1
D:3:      layout_loops_ring, nicolae_grassy_gnolls

Skill      XL: |  1  2  3 |
---------------+----------+-----
Stealth        | 2 |  2.0
Spellcasting   | 2 |  2.6
Ice Magic      | 4 |  4.3
Dodging        | 2 |  2.0
Fighting       | 1 |  1.0
Armour         | |  0.1

Action                   |  1- 3 |  4- 6 || total
-------------------------+-------+-------++-------
Melee: Unarmed           |    11 |       ||    11
       Punch             |     1 |       ||     1
 Cast: Freeze            |    84 |     8 ||    92
       Ozocubu's Armour  |       |     1 ||     1
Armor: Robe              |    10 |       ||    10
       Ring mail         |    13 |     4 ||    17
Dodge: Dodged            |    39 |     6 ||    45
